Oof, lawful male human Samurai # --|------------- -------------- ---------------- #...............| ##|......a@..>.| |..............| #|..............| # |.....%.......####### |..............| #---.------------ ####.............| # #...............| # ## # #|............| ###-----------|---- # # ######-.-----.------ # # # ### # # # ### ## # # # ###### ### # # # # # ### # # # ### # ### # # # ### # ###%######################### [#### # -.---- # ## # ###-|----.-.-- # |....|### ------|--------- [.........[| # |....|# |.<............| |.........| # |.....# |..............| |.........| -----# ###.....| |......{........ |.........| |.=.-# |....| ---------------- |.........| |...| ------ |.........| |...| ----------- ----- Oof the Ninja Experience level: 6 Strength: 13 Dexterity: 17 Constitution: 18 Intelligence: 11 Wisdom: 11 Charisma: 7 Health: 0(63) Energy: 25(25) Def: 9 Gold: 498 Moves: 2962 Dungeon seed: Nr1oqOANMcpaLq8H Game ID: Oof_1597419312 Your Inventory: Coins $ - 498 gold pieces Weapons a - a +0 katana (weapon in hand) b - a blessed +0 wakizashi d - 28 +0 ya (in quiver) g - a +0 orcish dagger h - a +0 trident l - a +0 elven dagger s - a +1 elven bow (alternate weapon; not wielded) Armor e - an uncursed rustproof +0 splint mail (being worn) n - an uncursed +0 orcish helm (being worn) q - an uncursed +0 large shield (being worn) Spellbooks u - an uncursed spellbook of cause fear Rings k - an uncursed ring of poison resistance (on left hand) Wands C - a wand of create monster (0:10) Tools f - an uncursed blindfold B - an uncursed skeleton key Gems r - an uncursed worthless piece of violet glass y - an uncursed worthless piece of yellowish brown glass z - an uncursed worthless piece of yellow glass Spells and supernatural/magical abilities: Name Level Category Fail Memory c - cause fear 3 enchantment 100% 94% W - pray for help -- divine ? -- Your skills at the end: Fighting Skills martial arts [Basic] Weapon Skills short sword [Basic] long sword [Basic] bow [Basic] Spellcasting Skills Final Attributes: You were piously aligned. You were poison resistant. You were fast. You are dead. Vanquished creatures: a housecat a soldier ant a shrieker a gnome lord an elf zombie a ghoul 2 baby crocodiles 3 little dogs 2 floating eyes a kitten a kobold shaman 10 hill orcs 5 rothes a gas spore a hobbit a hobgoblin 4 cave spiders a brown mold 2 yellow molds a green mold a gnome zombie 3 geckos 2 foxes 2 kobolds a goblin a sewer rat 2 grid bugs 3 lichens a kobold zombie 6 newts 63 creatures vanquished. Voluntary challenges: You were vegetarian. You had followed a strict vegan diet until turn 1805. You used a wielded weapon 101 times, starting on turn 2. You read items or engraved 10 times, starting on turn 926. You never genocided any monsters. You never polymorphed an object. You never changed form. You used no wishes. You never split a pudding. You never wrote Elbereth's name. You never violated your personal moral code. Dungeon overview: The Dungeons of Doom: levels 1 to 7 Level 1 a long staircase Level 2 a fountain Level 3 an altar to Susanowo a long staircase Level 4 a scroll shop Level 5 many fountains Level 6 <- You were here a fountain stairs to Sokoban Level 7 a fountain Sokoban: Level 5 stairs to The Dungeons of Doom History has recorded: On T:1 you entered the Dungeons of Doom to retrieve the Amulet of Yendor! On T:84 you reached level 2 of The Dungeons of Doom. On T:224 you advanced to experience level 2. On T:664 you reached level 3 of The Dungeons of Doom. On T:804 you advanced to experience level 3. On T:910 you reached level 4 of The Dungeons of Doom. On T:1279 you reached level 5 of The Dungeons of Doom. On T:1460 you advanced to experience level 4. On T:1771 you advanced to experience level 5. On T:2009 you reached level 6 of The Dungeons of Doom. On T:2462 you reached level 4 of Sokoban. On T:2511 you advanced to experience level 6. On T:2694 you reached level 7 of The Dungeons of Doom. Score breakdown: Gold: 498 ( 9178 points) Experience: 6 levels (12456 points) Exploration: 7 levels ( 14.00%) (10497 points) Discoveries: 7 items ( 2.85%) ( 5060 points) Valuables value: (no points given unless you survive) Artifact value: 0 ( 0 points) Variety of kills: 30 monsters ( 7.87%) ( 8418 points) Turncount: 2962 turns ( -581 points) Survival: died (score multiplied by 80%) Total score: 36022 Latest messages: Your leg feels somewhat better. Your movements are now unencumbered. You stop exploring. Please move the cursor to an unknown object. Never mind. The soldier ant bites! The soldier ant misses. You hit the soldier ant. The soldier ant just misses! The soldier ant misses. You hit the soldier ant! The soldier ant bites! The soldier ant misses. The soldier ant bites! The soldier ant stings! The soldier ant misses. The soldier ant stings! You kill the soldier ant! The soldier ant bites! The soldier ant stings! You die... Final status: Sayonara Oof the Samurai, killed by a soldier ant... You died in The Dungeons of Doom on dungeon level 6 with 36022 points, and 498 pieces of gold, after 2962 moves. You were level 6 with a maximum of 63 hit points when you died.